 Dungeon Crawl Stone Soup version 0.28-a0-1143-gcf6077d4cc (webtiles) character file.

Game seed: 14800141401646653625

5 SensoryNuts the Slasher (level 1, -2/16 HPs)
             Began as a Demonspawn Gladiator on Dec 13, 2021.
             Slain by a jackal (3 damage)
             ... on level 1 of the Dungeon.
             The game lasted 00:00:08 (81 turns).

SensoryNuts the Slasher (Demonspawn Gladiator)        Turns: 81, Time: 00:00:09

Health: -2/16      AC:  4    Str: 14    XL:     1   Next: 66%
Magic:  1/1        EV:  9    Int:  9    God:
Gold:   0          SH:  0    Dex: 14    Spells: 0/0 levels left

rFire   . . .      SeeInvis .   a - +0 long sword
rCold   . . .      Faith    .   (no shield)
rNeg    . . .      Spirit   .   b - +0 leather armour
rPois   .          Reflect  .   c - +0 helmet
rElec   .          Harm     .   (no cloak)
rCorr   .          Rampage  .   (no gloves)
Will    .....                   (no boots)
Stlth   +.........              (no amulet)
HPRegen 0.05/turn               (no ring)
MPRegen 0.07/turn               (no ring)

@: constricted
A: no striking features
a: no special abilities


You were on level 1 of the Dungeon.
You visited 1 branch of the dungeon, and saw 1 of its levels.

Inventory:

Hand Weapons
 a - a +0 long sword (weapon)
Missiles
 d - 3 throwing nets (quivered)
Armour
 b - a +0 leather armour (worn)
 c - a +0 helmet (worn)
Scrolls
 e - a scroll of identify {unknown}


   Skills:
 + Level 2.0 Fighting
 + Level 2.9 Long Blades
 + Level 1.7 Throwing
 + Level 2.8 Dodging


You couldn't memorise any spells.
You didn't know any spells.
Your spell library was empty.

Dungeon Overview and Level Annotations

Branches:
Dungeon (1/15)

Altars:


Message History

The hobgoblin hits you but does no damage.
You hit the hobgoblin.
The hobgoblin is severely wounded.
The hobgoblin hits you but does no damage.
The jackal bites you. The hobgoblin barely misses you.
You barely miss the hobgoblin.
The hobgoblin is severely wounded.
The jackal misses you. The quokka bites you.
The jackal bites you but does no damage.
The hobgoblin hits you.
You slash the hobgoblin!
You kill the hobgoblin!
The ball python hisses angrily.
The quokka bites you but does no damage.
An endoplasm comes into view.
The jackal closely misses you. The jackal barely misses you.
The quokka closely misses you. The jackal bites you. The jackal misses you.
The quokka bites you.
The quokka bites you but does no damage.
The quokka bites you.
The quokka twitches its whiskers.
The quokka misses you.
You hit the quokka.
The quokka is severely wounded.
The quokka barely misses you. The quokka bites you.
The jackal bites you but does no damage.
You hit the quokka.
You kill the quokka!
The jackal closely misses you. The jackal bites you.
* * * LOW HITPOINT WARNING * * *
You closely miss the jackal. The jackal barely misses you.
The jackal bites you but does no damage.
The jackal barely misses you.
You slash the jackal!
You kill the jackal!
The jackal barely misses you. x2; The ball python bites you.
* * * LOW HITPOINT WARNING * * *
The ball python grabs you. The ball python constricts you.
You closely miss the ball python. The jackal bites you.
You die...

#.#.#.# #.#.#.# ##.....##
#.......# #.##.##.# #..
####.##..#.# .....
..#.###.#.#### .....
#.#..........## ##..#J#
#@#.......##..#### ......$
#Sh.....####....(.
....#..##J##.######...⌠...
.........h##.# #.......###
......h...##.# #.##....#<#
####...### .##. ##...#'#
#...# .## #..⌠... #...# ..
.......... #...# ##
##.#######


You could see an endoplasm, 2 jackals and a ball python.

Vanquished Creatures
  2 hobgoblins (D:1)
  A jackal (D:1)
  A quokka (D:1)
4 creatures vanquished.

Notes
Turn   | Place    | Note
-------+----------+-------------------------------------------
     0 | D:1      | SensoryNuts the Demonspawn Gladiator began the quest for
                  | the Orb.
     0 | D:1      | Reached XP level 1. HP: 16/16 MP: 1/1
    81 | D:1      | Slain by a jackal

Illustrated notes

Levels and vault maps discovered:
D:1:      scummos_arrival_simple_fountains, layout_loops_cross,
          basic_ecumenical_altar, kennysheep_crisscross

Action                   || total
-------------------------++-------
Melee: Long sword        ||    14
Armor: Leather armour    ||     7
Dodge: Dodged            ||    17

Table legend: (Time is in decaauts)
 A = Elapsed time spent in this place.
 B = Non-inter-level travel time spent in this place.
 C = Inter-level travel time spent in this place.
 D = Time resting spent in this place.
 E = Time spent auto-exploring this place.
 F = Levels seen in this place.
 G = Mean time per level.
                   A        B        C        D        E       F      G
               +--------+--------+--------+--------+--------+-----+--------+
         Total |     84 |     84 |      0 |      0 |     54 |   1 |   84.0 |
       Dungeon |     84 |     84 |      0 |      0 |     54 |   1 |   84.0 |
               +--------+--------+--------+--------+--------+-----+--------+

Top non-repeatable levels by time:
     D:1: 84 daAuts
